 Dungeon Crawl Stone Soup version 0.17.1-3-g152610e (webtiles) character file.

309 kaze the Covered (level 6, -3/53 HPs)
             Began as a Minotaur Fighter on Apr 7, 2016.
             Was a Follower of Zin.
             Succumbed to a water moccasin's poison
             ... on level 4 of the Dungeon.
             The game lasted 00:05:18 (2744 turns).

kaze the Covered (Minotaur Fighter)                 Turns: 2744, Time: 00:05:18

Health: -3/53      AC:  9    Str: 28    XL:     6   Next: 17%
Magic:  5/5        EV:  7    Int:  5    God:    Zin [*.....]
Gold:   75         SH: 12    Dex:  9    Spells: 0 memorised, 5 levels left

rFire  . . .     SeeInvis .     a - +0 war axe
rCold  . . .     Clarity  .     s - +0 chain mail
rNeg   . . .     SustAt   .     c - +2 shield
rPois  .         Gourm    .     (helmet restricted)
rElec  .         Spirit   .     (no cloak)
rCorr  .         Warding  .     (no gloves)
rMut   .         Stasis   .     (no boots)
MR     .....                    (no amulet)
Stlth  ..........               (no ring)
                                (no ring)

@: mighty, lethally poisoned (-3 -> -46), not resistant to hostile enchantments,
extremely unstealthy
A: retaliatory headbutt, horns 2
a: Recite, Donate Gold, Renounce Religion


You were on level 4 of the Dungeon.
You worshipped Zin.
Zin was aware of your devotion.
You were not hungry.

You visited 1 branch of the dungeon, and saw 4 of its levels.

You collected 152 gold pieces.
You donated 77 gold pieces to Zin.

Inventory:

Hand Weapons
 a - a +0 war axe (weapon)
Armour
 c - a +2 shield (worn)
 s - a +0 chain mail (worn)
Scrolls
 p - a scroll of identify
Potions
 f - 2 potions of lignification {unknown}
 h - a potion of agility {unknown}
 i - a potion of curing {unknown}
 l - 2 potions of haste {unknown}
 o - a potion of resistance {unknown}
 q - a potion of flight {unknown}
 r - a potion of brilliance {unknown}
Comestibles
 b - a bread ration
 g - a fruit
 j - a slice of pizza


   Skills:
 + Level 4.5 Fighting
 + Level 3.9 Axes
 + Level 5.4 Armour
 + Level 2.1 Dodging
 + Level 5.2 Shields


You had 5 spell levels left.
You didn't know any spells.

Dungeon Overview and Level Annotations

Branches:
Dungeon (4/15)
 Temple: D:4-7

Altars:
Zin


Innate Abilities, Weirdness & Mutations

You reflexively headbutt those who attack you in melee.
You have a pair of horns on your head.


Message History

You feel very mighty all of a sudden.
* * * LOW HITPOINT WARNING * * *
You feel very sick. The water moccasin barely misses you.
The water moccasin bites you.
* * * LOW HITPOINT WARNING * * *
You are more poisoned.
The water moccasin poisons you!
You miss the water moccasin.
The water moccasin is severely wounded.
Zin protects you from harm! You block the water moccasin's attack.
The water moccasin bites you.
* * * LOW HITPOINT WARNING * * *
You barely miss the water moccasin. You headbutt the water moccasin.
The water moccasin is almost dead.
Zin protects you from harm! You block the water moccasin's attack.
You miss the water moccasin.
Your headbutt misses the water moccasin.
The water moccasin is almost dead.
You die...

###<##.# .# #...#
#..).#.##.# #...#
#.#.......# #...#
#.#......#####...#####
#.....................
........................
###.....................
##....######.#...#.##
#.#.## #.#@..# #.##
#.#S..# # #.#...#
#.#...# #...... ###...##
..... .###.#


You could see a water moccasin.

Vanquished Creatures
  An ogre (D:4)
  3 orc wizards (D:3)
  4 gnolls (D:2)
  3 adders
  An ooze (D:3)
  A worm (D:2)
  2 giant geckos (D:3)
  4 orcs (D:3)
  6 bats
  5 giant cockroaches
  11 hobgoblins
  3 jackals (D:3)
  3 kobolds
  2 quokkas
  6 giant newts
  9 goblins
  7 rats
71 creatures vanquished.

Notes
Turn   | Place    | Note
--------------------------------------------------------------
     0 | D:1      | kaze the Minotaur Fighter began the quest for the Orb.
     0 | D:1      | Reached XP level 1. HP: 19/19 MP: 0/0
   225 | D:1      | Reached XP level 2. HP: 27/27 MP: 1/1
   243 | D:1      | Reached skill level 4 in Fighting
   900 | D:2      | Reached XP level 3. HP: 33/33 MP: 2/2
   927 | D:2      | HP: 1/33 [gnoll/spear (4)]
   974 | D:1      | HP: 1/33 [hobgoblin/club (3)]
  1393 | D:2      | Reached skill level 1 in Dodging
  1523 | D:2      | Reached XP level 4. HP: 23/40 MP: 3/3
  1851 | D:2      | Found a glowing silver altar of Zin.
  1977 | D:2      | Became a worshipper of Zin the Law-Giver
  1977 | D:2      | Reached * piety under Zin
  2200 | D:3      | Found a faded altar to an unknown god.
  2272 | D:3      | Reached XP level 5. HP: 23/46 MP: 4/4
  2351 | D:3      | Reached skill level 5 in Armour
  2351 | D:3      | Reached skill level 5 in Shields
  2714 | D:4      | Noticed an ogre
  2715 | D:4      | Donated 62 gold pieces to Zin
  2718 | D:4      | Killed an ogre
  2718 | D:4      | Reached XP level 6. HP: 42/53 MP: 5/5
  2730 | D:4      | Noticed a water moccasin
  2742 | D:4      | Zin protects you from harm!
  2742 | D:4      | HP: 1/53 [water moccasin (5)]
  2743 | D:4      | Zin protects you from harm!
  2744 | D:4      | Succumbed to a water moccasin's poison

Action                   |  1- 3 |  4- 6 || total
-------------------------+-------+-------++-------
Melee: War axe           |    80 |   101 ||   181
Invok: Donate Gold       |       |     1 ||     1
  Use: Potion            |     1 |     2 ||     3
       Scroll            |       |     7 ||     7
  Eat: Bread ration      |     1 |       ||     1
       Fruit             |       |     2 ||     2
